 Dungeon Crawl Stone Soup version 0.28.0-53-g5a82cb258f (webtiles) character file.

Game seed: 770264774646659486

42 SanguineChosen the Skirmisher (level 3, -1/24 HPs)
             Began as a Gargoyle Monk on June 28, 2022.
             Killed from afar by Sigmund (10 damage)
             ... with a puff of flame
             ... on level 2 of the Dungeon.
             The game lasted 00:07:17 (2436 turns).

SanguineChosen the Skirmisher (Gargoyle Monk)       Turns: 2436, Time: 00:07:18

Health: -1/24      AC:  8    Str: 16    XL:     3   Next: 56%
Magic:  3/3        EV: 12    Int: 10    God:
Gold:   39         SH:  0    Dex: 12    Spells: 2/2 levels left

rFire   . . .      SeeInvis .   e - +3 dagger
rCold   . . .      Faith    .   (no shield)
rNeg    + . .      Spirit   .   j - +0 leather armour
rPois   ∞          Reflect  .   (no helmet)
rElec   +          Harm     .   (no cloak)
rCorr   .          Rampage  .   (no gloves)
Will    +....                   l - +1 pair of boots
Stlth   ++........              (no amulet)
HPRegen 0.08/turn               h - ring of willpower
MPRegen 0.08/turn               (no ring)

@: attractive
A: sickness immunity, AC +3, negative energy resistance 1, electricity
resistance, torment resistance 1, petrification resistance
a: no special abilities


You were on level 2 of the Dungeon.
You visited 1 branch of the dungeon, and saw 2 of its levels.

You collected 39 gold pieces.

Inventory:

Hand Weapons
 a - a +0 mace
 e - a +3 dagger (weapon)
Armour
 b - a +0 robe
 j - a +0 leather armour (worn)
 l - a +1 pair of boots (worn)
Jewellery
 h - a ring of willpower (left hand)
Wands
 m - a wand of flame (27)
Scrolls
 g - a scroll of blinking {unknown}
 i - a scroll of identify {unknown}
 n - a scroll of teleportation {unknown}


   Skills:
 * Level 3.7 Fighting
 + Level 0.1 Short Blades
 - Level 3.2 Maces & Flails
 * Level 1.1 Armour
 + Level 2.7 Dodging
 + Level 2.7 Stealth


You had 2 spell levels left.
You didn't know any spells.
Your spell library contained the following spells:

 Spells                   Type           Power      Damage    Failure   Level
 Summon Lightning Spire   Summ/Air       0%         N/A       99%         4
 Storm Form               Tmut/Air       0%         N/A       100%        7
 Maxwell's Capacitive Co  Air            0%         ∞         100%        8


Dungeon Overview and Level Annotations

Branches:
Dungeon (2/15)

Altars:

Annotations:
D:2 Sigmund


Innate Abilities, Weirdness & Mutations

You are immune to sickness and miasma.
Your stone body is resilient. (AC +3)
You are immune to poison.
You resist negative energy. (rN+)
You are resistant to electric shocks. (rElec)
You are resistant to unholy torment.
You are immune to petrification.


Message History

Sigmund is moderately wounded.
Sigmund barely misses you.
You closely miss Sigmund.
Sigmund is moderately wounded.
You hit Sigmund.
Sigmund is moderately wounded.
Sigmund closely misses you.
You hit Sigmund.
Sigmund is moderately wounded.
Sigmund hits you but does no damage.
You hit Sigmund. Your punch misses Sigmund.
Sigmund is heavily wounded.
You barely miss Sigmund.
Sigmund is heavily wounded.
Sigmund closely misses you.
You hit Sigmund.
Sigmund is heavily wounded.
Sigmund hits you with a +0 scythe!
You closely miss Sigmund.
Sigmund is heavily wounded.
You hit Sigmund but do no damage.
Sigmund is heavily wounded.
Sigmund hits you but does no damage.
You hit Sigmund.
Sigmund is heavily wounded.
Sigmund casts a spell at you. The puff of flame hits you!
Aiming: Throw Flame
Press: ? - help, Q - select action Shift-Dir - straight line, f/p - Sigmund
Aim: Sigmund, wielding a +0 scythe and wearing a +2 robe of cold resistance (heavily wounded, 64% to hit)
The puff of flame hits Sigmund but does no damage.
Sigmund is heavily wounded.
Sigmund hits you but does no damage.
You hit Sigmund.
Sigmund is heavily wounded.
You barely miss Sigmund.
Sigmund is heavily wounded.
Sigmund casts a spell at you. The puff of flame hits you!
You die...

....##.#...# #.#
######'###### #.#
.......########.#
.......#........#
.......#.########
.(.....#.#
.......#.#
......(#.###########
.......'.@@.........
.......#.###########
.......#.#
########.# #.# #.#
#.# ###


You could see Sigmund.

Vanquished Creatures
  A dart slug (D:1)
  7 ball pythons
  A bat (D:1)
  6 endoplasms
  2 giant cockroaches
  5 goblins
  7 jackals
  A frilled lizard (D:2)
  3 kobolds (D:1)
  2 rats
35 creatures vanquished.

Notes
Turn   | Place    | Note
-------+----------+-------------------------------------------
     0 | D:1      | SanguineChosen the Gargoyle Monk began the quest for the
                  | Orb.
     0 | D:1      | Reached XP level 1. HP: 14/14 MP: 1/1
   348 | D:1      | Reached XP level 2. HP: 19/19 MP: 2/2
  1301 | D:1      | Reached XP level 3. HP: 23/24 MP: 3/3
  1739 | D:2      | Reached skill level 1 in Armour
  1951 | D:2      | Found a faded altar of an unknown god.
  2406 | D:2      | Noticed Sigmund
  2436 | D:2      | Killed from afar by Sigmund

Illustrated notes

Levels and vault maps discovered:
D:1:      eino_arrival_cavern_c, layout_basic, minmay_tromino_v4_c
D:2:      layout_basic, basic_ecumenical_altar, uniq_sigmund

Skill      XL: |  1  2  3 |
---------------+----------+-----
Armour         | 1 |  1.1
Fighting       | |  3.7
Short Blades   | |  0.1
Maces & Flails | |  3.2
Dodging        | |  2.7
Stealth        | |  2.7

Action                   || total
-------------------------++-------
Melee: Mace              ||     6
       Dagger            ||   108
Throw: Dart              ||     2
Evoke: Wand              ||     2
  Use: Potion            ||     3
 Stab: Sleeping          ||     4
Armor: Robe              ||    19
       Leather armour    ||    14
Dodge: Dodged            ||    62
